 Dungeon Crawl Stone Soup version 0.25.0-11-g1f837a76a1 (console) character file.

Game seed: 2265004839619604884

511 bli the Insei (level 6, -2/48 HPs)
             Began as a Draconian Transmuter on June 27, 2020.
             Was a Priest of Wu Jian.
             Killed by divine providence
             ... invoked by an orc priest
              (14 damage)
             ... on level 5 of the Dungeon.
             The game lasted 00:17:00 (4842 turns).

bli the Insei (Draconian Transmuter)                Turns: 4842, Time: 00:17:01

Health: -2/48      AC: 11    Str: 13    XL:     6   Next: 99%
Magic:  7/11       EV: 13    Int: 13    God:    Wu Jian [***...]
Gold:   180        SH:  5    Dex: 13    Spells: 1/12 levels left

rFire    + . .     SeeInvis .     - Unarmed
rCold    x . .     Gourm    .   (no shield)
rNeg     . . .     Faith    .   (armour unavailable)
rPois    .         Spirit   .   (helmet restricted)
rElec    .         Reflect  +   (no cloak)
rCorr    .         Harm     .   u - +0 pair of gloves
MR       .....                  (no boots)
Stlth    +.........             w - amulet of reflection
HPRegen  0.16/turn              f - +4 ring of protection
MPRegen  0.12/turn              r - ring of fire

@: lethally poisoned (-2 -> -5), appendage (expiring)
A: unfitting armour, horns 2, cold-blooded, AC +6
a: End Transformation, Wall Jump, Serpent's Lash, Renounce Religion


You were on level 5 of the Dungeon.
You worshipped Wu Jian.
Wu Jian was most pleased with you.
You were not hungry.
You had grown temporary horns.
You visited 1 branch of the dungeon, and saw 5 of its levels.

You collected 180 gold pieces.

Inventory:

Missiles
 a - 67 arrows
 b - 158 stones (quivered)
 x - 2 poisoned darts
Armour
 u - a +0 pair of gloves (worn)
Jewellery
 f - a +4 ring of protection (left hand)
 r - a ring of fire (right hand)
 w - an amulet of reflection (around neck)
Wands
 z - a wand of iceblast (7)
Scrolls
 d - a scroll of enchant weapon {unknown}
 g - 4 scrolls of teleportation {unknown}
 h - 9 scrolls of remove curse {unknown}
 i - 2 scrolls of immolation {unknown}
 k - a scroll of fog {unknown}
 o - 3 scrolls of blinking {unknown}
 t - 5 scrolls of identify {unknown}
 v - 2 scrolls of magic mapping {unknown}
 y - a scroll of random uselessness {unknown}
 A - a scroll of silence {unknown}
Potions
 e - 2 potions of resistance {unknown}
 j - 2 potions of flight {unknown}
 l - a potion of cancellation {unknown}
 m - a potion of ambrosia {unknown}
 n - 4 potions of curing {unknown}
 q - a potion of berserk rage {unknown}
 s - a potion of might {unknown}
Comestibles
 c - 5 rations
 p - 2 chunks of flesh


   Skills:
 + Level 2.0 Fighting
 * Level 2.6 Dodging
 + Level 0.2 Stealth
 * Level 5.8 Unarmed Combat
 * Level 3.5 Spellcasting
 + Level 3.1 Transmutations
 + Level 1.0 Poison Magic


You had one spell level left.
You knew the following spells:

 Your Spells              Type           Power        Failure   Level  Hunger
a - Beastly Appendage     Tmut           ##....       6%          1    #......
b - Sticks to Snakes      Tmut           ##......     9%          2    ##.....
c - Mephitic Cloud        Conj/Pois/Air  #.......     50%         3    ###....
K - Blink                 Tloc           N/A          32%         2    ##.....
S - Spider Form           Tmut/Pois      #.........   26%         3    ###....

Your spell library contained the following spells:

 Spells                   Type           Power        Failure   Level  Hunger
 Magic Dart               Conj           #...         22%         1    #......
 Call Imp                 Summ           #.......     32%         2    ##.....
 Slow                     Hex            #.......     32%         2    ##.....
 Conjure Flame            Conj/Fire      #.......     54%         3    ###....
 Ice Form                 Ice/Tmut       #.......     75%         4    #####..
 Blade Hands              Tmut           ##........   86%         5    ######.


Dungeon Overview and Level Annotations

Branches:
Dungeon (4/15)
 Temple: D:4-7

Altars:
Wu Jian
Yredelemnul
Beogh

Shops:
D:4 %

Annotations:
D:3 3 runed translucent doors, MaxwellSilver's ghost, amateur TrMo


Innate Abilities, Weirdness & Mutations

Your plain brown scales are hard. (AC +6)
You cannot fit into any form of body armour.
You are cold-blooded and may be slowed by cold attacks.
You have a pair of horns on your head.


Message History

The orc closely misses you. The orc misses your ball python.
The crimson imp hits you. The adder misses you.
You spin and attack the adder.
You hit the adder. You headbutt the adder.
The adder is almost dead.
You spin and attack the crimson imp.
You hit the crimson imp. Your headbutt misses the crimson imp.
The crimson imp is moderately wounded.
You feel sick.
Your ball python barely misses the orc.
Your ball python constricts the orc.
The adder barely misses you. The crimson imp hits you.
* * * LOW HITPOINT WARNING * * *
The orc struggles to escape constriction.
You spin and attack the adder.
You hit the adder but do no damage.
The adder is almost dead.
You spin and attack the crimson imp.
You closely miss the crimson imp.
The crimson imp is moderately wounded.
Your ball python completely misses the orc.
Your ball python constricts the orc.
The adder bites you.
* * * LOW HITPOINT WARNING * * *
The crimson imp blinks!
The orc hits you but does no damage. The orc barely misses your ball python.
The orc priest mumbles some strange prayers to Beogh against you.
Beogh smites you!
You die...

.........## ..........#
#.........##
####....÷..## #####
#........######....##
##........#.........##.
#.................5...
##...................#
#..................%.
#.........oS§o.......
#..##...÷.S@.........
#..###..>............#
#.. ##..............##
#.. #...............#
#................#
....##...........##
....# #...........#
...# ##.%$.......# ..#
#.........##
##......### #######


You could see an orc priest, a crimson imp, an adder, an orc and a friendly ball
python.

Vanquished Creatures
  A phantom (D:5)
  A centaur (D:5)
  2 orc priests (D:3)
  A hound (D:4)
  2 orc wizards
  9 adders
  3 dart slugs (D:1)
  4 leopard geckos
  12 orcs
  8 bats
  3 giant cockroaches
  12 goblins
  16 hobgoblins
  9 jackals
  9 kobolds
  3 quokkas (D:2)
  2 ball pythons
  8 frilled lizards
  7 rats
112 creatures vanquished.

Vanquished Creatures (collateral kills)
  2 orcs
2 creatures vanquished.

Grand Total: 114 creatures vanquished

Notes
Turn   | Place    | Note
-------+----------+-------------------------------------------
     0 | D:1      | bli the Draconian Transmuter began the quest for the Orb.
     0 | D:1      | Reached XP level 1. HP: 16/16 MP: 3/3
   117 | D:1      | Reached XP level 2. HP: 15/23 MP: 3/5
   718 | D:1      | Reached skill level 4 in Unarmed Combat
   752 | D:1      | Reached XP level 3. HP: 25/28 MP: 6/6
  1169 | D:2      | Learned a level 2 spell: Sticks to Snakes
  1627 | D:2      | Found a faded altar of an unknown god.
  1636 | D:2      | Became a worshipper of the Wu Jian Council
  1636 | D:2      | Reached * piety under Wu Jian
  1667 | D:2      | Reached XP level 4. HP: 36/36 MP: 5/7
  2576 | D:3      | Reached skill level 5 in Unarmed Combat
  2701 | D:3      | Reached ** piety under Wu Jian
  2746 | D:3      | Found a basalt altar of Yredelemnul.
  3016 | D:3      | Reached XP level 5. HP: 38/41 MP: 2/8
  3299 | D:3      | Found a runed translucent gate.
  3350 | D:3      | Found a runed translucent gate.
  3350 | D:3      | Found a runed translucent gate.
  3350 | D:3      | Noticed MaxwellSilver's ghost (amateur TrMo)
  3351 | D:3      | Identified the +7 dagger of Prescription {freeze, Int+4}
  3351 | D:3      | Identified the +0 scale mail of Faipacwi {rPois Str+2 Dex-4
                  | Stlth+}
  3620 | D:3      | Learned a level 2 spell: Blink
  4243 | D:3      | Found a roughly hewn altar of Beogh.
  4302 | D:4      | Reached XP level 6. HP: 48/48 MP: 10/10
  4429 | D:4      | Found Pul Umi's Food Shop.
  4474 | D:4      | Learned a level 3 spell: Spider Form
  4478 | D:4      | Learned a level 3 spell: Mephitic Cloud
  4562 | D:4      | Reached *** piety under Wu Jian
  4581 | D:4      | You fall into a shaft and drop 1 floor!
  4581 | D:5      | Entered Level 5 of the Dungeon
  4772 | D:5      | Reached skill level 1 in Poison Magic
  4842 | D:5      | Killed from afar by an orc priest

Illustrated notes

Levels and vault maps discovered:
D:1:      dpeg_arrival_pond, layout_loops_cross, grunt_decor_fettered
D:2:      layout_loops_ring, chequers_ecumenical_altar_simple
D:3:      minmay_inner_zag, layout_basic, yredelemnul_altar_generic,
          biasface_ghost_orc_armoury
D:4:      layout_layer_cave, marbit_many_paths, serial_shops, shop
D:5:      layout_cave_pods, grunt_temple_overflow_open, gup_sewer_entry_glass,
          first_ration

Skill      XL: |  1  2  3  4  5  6 |
---------------+-------------------+-----
Unarmed Combat | 4 5 |  5.8
Fighting       | 2 |  2.0
Dodging        | 2 |  2.6
Spellcasting   | 3 |  3.5
Transmutations | 3 |  3.1
Poison Magic   | 1 |  1.0
Stealth        | |  0.2

Action                   |  1- 3 |  4- 6 || total
-------------------------+-------+-------++-------
Melee: Unarmed           |   103 |   322 ||   425
       Tailslap          |    12 |    17 ||    29
       Headbutt          |     6 |    18 ||    24
       Kick              |     2 |     9 ||    11
       Punch             |     2 |     7 ||     9
 Cast: Beastly Appendage |    17 |    32 ||    49
       Sticks to Snakes  |     3 |    14 ||    17
Invok: Lunge             |       |    38 ||    38
       Whirlwind         |       |    35 ||    35
 Stab: Sleeping          |     1 |     1 ||     2
       Distracted        |       |     1 ||     1
  Eat: Chunk             |     3 |    12 ||    15
Armor: Skin              |    40 |    88 ||   128
Dodge: Dodged            |    48 |   142 ||   190
Block: Other             |       |    42 ||    42
